 Dungeon Crawl Stone Soup version 0.29-a0-559-g359e09b9d1 (webtiles) character file.

Game seed: 12145078934313299480

1636 Heedrag the Chopper (level 8, 0/70 HPs)
             Began as a Minotaur Fighter on June 9, 2022.
             Was an Initiate of Okawaru.
             Slain by a two-headed ogre
             ... wielding a +0 giant spiked club
              (23 damage)
             ... on level 6 of the Dungeon.
             The game lasted 00:05:25 (5383 turns).

Heedrag the Chopper (Minotaur Fighter)              Turns: 5383, Time: 00:05:26

Health: 0/70       AC: 11    Str: 21    XL:     8   Next: 66%
Magic:  7/7        EV: 13    Int:  5    God:    Okawaru [......]
Gold:   328        SH:  5    Dex: 12    Spells: 7/7 levels left

rFire   . . .      SeeInvis .   a - +0 war axe
rCold   . . .      Faith    .   c - +0 buckler
rNeg    . . .      Spirit   .   f - +0 chain mail
rPois   .          Reflect  .   (helmet restricted)
rElec   .          Harm     .   j - scarf {repulsion}
rCorr   .          Rampage  .   m - +0 pair of gloves
Will    .....                   (no boots)
Stlth   ..........              (no amulet)
HPRegen 0.21/turn               h - +4 ring of evasion
MPRegen 0.10/turn               r - ring of flight

@: flying, repel missiles
A: horns 2, retaliatory headbutt
a: Renounce Religion


You were on level 6 of the Dungeon.
You worshipped Okawaru.
Okawaru was noncommittal.
You visited 2 branches of the dungeon, and saw 7 of its levels.

You collected 328 gold pieces.

Inventory:

Hand Weapons
 a - a +0 war axe (weapon)
Missiles
 n - 21 poisoned darts (quivered)
 s - 8 boomerangs
Armour
 c - a +0 buckler (worn)
 f - a +0 chain mail (worn)
   (You found it on level 1 of the Dungeon)
 j - a scarf of repulsion (worn)
   (You found it on level 1 of the Dungeon)
 m - a +0 pair of gloves (worn)
   (You found it on level 2 of the Dungeon)
Jewellery
 h - a +4 ring of evasion (left hand)
   (You found it on level 1 of the Dungeon)
 i - a ring of protection from fire
   (You found it on level 5 of the Dungeon)
 r - a ring of flight (right hand)
   (You found it on level 3 of the Dungeon)
 w - a ring of fire
   (You found it on level 4 of the Dungeon)
Wands
 d - a wand of iceblast (14)
   (You found it on level 5 of the Dungeon)
Scrolls
 b - 2 scrolls of enchant weapon {unknown}
 e - 5 scrolls of identify {unknown}
 k - a scroll of immolation {!r}
 l - 2 scrolls of magic mapping {unknown}
 q - a scroll of blinking {unknown}
 u - a scroll of poison {unknown}
 x - 2 scrolls of fear {unknown}
 y - a scroll of teleportation {unknown}
 B - a scroll of fog {unknown}
 D - a scroll of amnesia {unknown}
Potions
 g - a potion of attraction {unknown}
 o - 2 potions of mutation {unknown}
 p - a potion of lignification {unknown}
 t - a potion of curing {unknown}
 v - a potion of cancellation {unknown}
 z - 2 potions of invisibility {unknown}
 A - a potion of heal wounds {unknown}
 C - a potion of brilliance {unknown}
 E - 3 potions of might


   Skills:
 + Level 6.3 Fighting
 * Level 7.8 Axes
 + Level 1.2 Throwing
 + Level 6.4 Armour
 + Level 4.6 Dodging
 + Level 6.4 Shields
 + Level 0.5 Invocations
 + Level 0.4 Evocations


You had 7 spell levels left.
You didn't know any spells.
Your spell library contained the following spells:

 Spells                   Type           Power      Damage    Failure   Level
 Ensorcelled Hibernation  Hex/Ice        0%         N/A       100%        2
 Passwall                 Tmut/Erth      0%         N/A       100%        2
 Gell's Gravitas          Tloc           0%         N/A       100%        3
 Spider Form              Tmut/Pois      0%         N/A       100%        3
 Swiftness                Air            0%         N/A       100%        3
 Teleport Other           Tloc           0%         N/A       100%        3
 Anguish                  Hex/Necr       0%         N/A       100%        4
 Dispersal                Tloc           0%         N/A       100%        6


Dungeon Overview and Level Annotations

Branches:
Dungeon (6/15)             Temple (1/1) D:6

Altars:
Ashenzari
Cheibriados
Dithmenos
Elyvilon
Fedhas
Gozag
Hepliaklqana
Kikubaaqudgha
Makhleb
Nemelex Xobeh
Okawaru
Qazlal
Ru
Sif Muna
Trog
Uskayaw
Vehumet
Wu Jian
Xom
Yredelemnul
The Shining One

Shops:
D:1 (

Annotations:
D:4 3 runed translucent doors, dezertu's ghost, amateur SpHu


Innate Abilities, Weirdness & Mutations

You have a pair of horns on your head.
You reflexively headbutt those who attack you in melee.


Message History

The iguana bites you.
The orc shouts!
You slash the iguana!
You kill the iguana!
Okawaru accepts your kill.
You hit the white imp but do no damage.
The white imp hits you but does no damage.
The scorpion stings you.
You are poisoned.
The scorpion poisons you!
Unknown command.
You feel sick.
You slash the scorpion! Your headbutt misses the scorpion.
You feel sick. The scorpion barely misses you.
The white imp sputters.
You slash the scorpion!
You kill the scorpion!
Okawaru accepts your kill.
You feel sick.
You feel sick.
A scorpion comes into view.
You see here a scorpion corpse.
Unknown command.
You hit the two-headed ogre. You headbutt the two-headed ogre.
You feel sick.
You block the two-headed ogre's attack. x2
You hit the two-headed ogre.
You feel sick.
The two-headed ogre hits you with a +0 giant spiked club!
You block the two-headed ogre's attack.
You hit the two-headed ogre but do no damage.
You headbutt the two-headed ogre.
You feel sick.
You are no longer poisoned.
You closely miss the two-headed ogre.
The two-headed ogre hits you with a +0 giant spiked club.
The two-headed ogre hits you with a +0 giant club.
* * * LOW HITPOINT WARNING * * *
You hit the two-headed ogre.
Your headbutt misses the two-headed ogre.
You block the two-headed ogre's attack.
The two-headed ogre hits you with a +0 giant club!
* * * LOW HITPOINT WARNING * * *
You hit the two-headed ogre. You headbutt the two-headed ogre!
You block the two-headed ogre's attack. The two-headed ogre closely misses you.
Unknown command.
You slash the two-headed ogre!
Your headbutt misses the two-headed ogre.
You slash the two-headed ogre!
The two-headed ogre completely misses you.
You furiously retaliate!
You headbutt the two-headed ogre!
The two-headed ogre hits you with a +0 giant club!!
You die...

#......#.#....#
#.#
#......#.###..#
#.# ..........#
#..# #.#
......#...##
#..## #.#
.........##
#...# #.#
........##
#.### ###
.......## #.#
.!.....o####.#
###
......ssO@..##
#..
..#...5#####
#.. #..†.# #..
#..... #..
#...... #..
#.....o# #..
#....... #..
.......## #..
...#.#... #..


You could see a two-headed ogre, 2 scorpions, a white imp and an orc.

Vanquished Creatures
  Pikel (D:4)
  Sigmund (D:2)
  An ogre (D:6)
  A centaur (D:5)
  A phantom (D:4)
  Blork the orc (D:5)
  2 scorpions
  A necrophage (D:6)
  4 hounds
  A jelly (D:4)
  An orc priest (D:3)
  5 iguanas
  3 orc wizards (D:4)
  10 adders
  A shadow imp (D:6)
  A white imp (D:5)
  2 ufetubi
  A worm (D:2)
  A dart slug (D:2)
  15 orcs
  4 endoplasms
  A giant cockroach (D:1)
  3 goblins
  5 hobgoblins
  3 quokkas
  8 ball pythons
  6 bats
  A frilled lizard (D:3)
  5 kobolds
  3 rats
93 creatures vanquished.

Notes
Turn   | Place    | Note
-------+----------+-------------------------------------------
     0 | D:1      | Heedrag the Minotaur Fighter began the quest for the Orb.
     0 | D:1      | Reached XP level 1. HP: 19/19 MP: 0/0
   102 | D:1      | Found a faded altar of an unknown god.
   116 | D:1      | Found Suyngon's Antique Weapon Boutique.
  1075 | D:2      | Reached XP level 2. HP: 25/27 MP: 1/1
  1139 | D:2      | Noticed Sigmund
  1149 | D:2      | Killed Sigmund
  1150 | D:2      | Reached skill level 4 in Axes
  1150 | D:2      | Reached skill level 1 in Dodging
  1150 | D:2      | Reached XP level 3. HP: 28/34 MP: 2/2
  1150 | D:2      | Reached XP level 4. HP: 34/41 MP: 3/3
  1150 | D:2      | Reached XP level 5. HP: 39/47 MP: 4/4
  1805 | D:3      | Reached XP level 6. HP: 53/53 MP: 5/5
  2550 | D:4      | Noticed dezertu's ghost (amateur SpHu)
  2583 | D:4      | Reached skill level 5 in Axes
  2902 | D:4      | Reached skill level 5 in Shields
  3032 | D:4      | Reached skill level 5 in Armour
  3072 | D:4      | Reached skill level 5 in Fighting
  3152 | D:4      | Found a runed translucent gate.
  3152 | D:4      | Found a runed translucent gate.
  3153 | D:4      | Found a runed translucent gate.
  3295 | D:4      | You are sucked into a shaft and drop 1 floor!
  3295 | D:5      | Entered Level 5 of the Dungeon
  3319 | D:5      | Noticed Blork the orc
  3327 | D:5      | Killed Blork the orc
  3328 | D:5      | Reached XP level 7. HP: 42/61 MP: 6/6
  3705 | D:5      | Reached skill level 6 in Axes
  3846 | D:5      | Noticed Pikel
  3870 | D:4      | Killed Pikel
  3871 | D:4      | Reached skill level 7 in Axes
  3871 | D:4      | Reached XP level 8. HP: 20/70 MP: 7/7
  4924 | D:6      | Found a staircase to the Ecumenical Temple.
  4943 | Temple   | Entered the Ecumenical Temple
  5225 | Temple   | Became a worshipper of Warmaster Okawaru
  5294 | D:6      | Reached skill level 1 in Throwing
  5364 | D:6      | Noticed a two-headed ogre
  5383 | D:6      | Slain by a two-headed ogre

Illustrated notes

Levels and vault maps discovered:
D:1:      lightli_arrival_lavapool, layout_basic,
          hellmonk_ecumenical_altar_blasted, serial_shops, shop
D:2:      layout_rooms, chequers_serial_rivers_micro_c, uniq_sigmund
D:3:      layout_loops_cross, small_statue_intersection,
          minmay_misc_feat_plants, minmay_misc_feat_more_columns
D:4:      layout_loops_corners, gammafunk_ghost_split
D:5:      layout_loops_cross, uniq_blork_the_orc, uniq_pikel
D:6:      old_forge, layout_rooms, minmay_temple_entry_stoned_glass,
          serial_shops, nicolae_shop_crystal, hangedman_decor_peaks_small,
          hangedman_abyss_or_decor_stagger
Temple:   regret_index_temple_sigil_plot

Skill      XL: |  1  2  3  4  5  6  7  8 |
---------------+-------------------------+-----
Fighting       | 4 5 6 |  6.3
Axes           | 4 5 7 |  7.8
Armour         | 4 5 6 |  6.4
Dodging        | 1 2 3 4 |  4.6
Shields        | 4 5 6 |  6.4
Throwing       | 1 |  1.2
Invocations    | |  0.5
Evocations     | |  0.4

Action                   |  1- 3 |  4- 6 |  7- 9 || total
-------------------------+-------+-------+-------++-------
Melee: War axe           |    33 |   157 |    98 ||   288
       Headbutt          |     2 |    25 |    23 ||    50
Armor: Scale mail        |    15 |       |       ||    15
       Chain mail        |     7 |    65 |    28 ||   100
Dodge: Dodged            |    13 |    80 |    52 ||   145
       Repelled          |       |     3 |     2 ||     5
Block: Buckler           |     5 |    30 |    22 ||    57

Table legend: (Time is in decaauts)
 A = Elapsed time spent in this place.
 B = Non-inter-level travel time spent in this place.
 C = Inter-level travel time spent in this place.
 D = Time resting spent in this place.
 E = Time spent auto-exploring this place.
 F = Levels seen in this place.
 G = Mean time per level.
                   A        B        C        D        E       F      G
               +--------+--------+--------+--------+--------+-----+--------+
         Total |   5460 |   5122 |    338 |    283 |   3990 |   7 |  780.0 |
       Dungeon |   5148 |   4853 |    295 |    283 |   3744 |   6 |  858.0 |
        Temple |    311 |    268 |     43 |      0 |    246 |   1 |  311.0 |
               +--------+--------+--------+--------+--------+-----+--------+

Top non-repeatable levels by time:
     D:5: 1262 daAuts
     D:4: 1244 daAuts
     D:1: 1079 daAuts
     D:3: 757 daAuts
     D:2: 653 daAuts
  Temple: 311 daAuts
     D:6: 151 daAuts
